Map: Dusk Towers

Players

LilDicky

  • Race: Terran Terran
  • League: Diamond

Kashnigg - Winner!

  • Race: Zerg Zerg

VOD

http://www.twitch.tv/tumescentpie

Description

Time

  • Played on: Jan. 3, 2016, 4:39 a.m.
  • Length: 21:40
Show
View Real Time Build Order
Export as new Build Order

LilDicky Terran 

Build Orders: Command Center First (CC), Mech 

Get SALT Encoding   

  12  0:03  SCV  
  13  0:15  SCV  
  13  0:20  Supply Depot  
  14  0:27  SCV  
  15  0:42  SCV  
  16  0:54  SCV  
  17  1:01  Command Center  
  17  1:06  SCV  
  18  1:22  Barracks  
  18  1:24  SCV  
  19  1:29  Refinery  
  19  1:36  SCV  
  20  1:48  SCV  
  21  2:00  SCV  
  22  2:26  Marine  
  22  2:29  Supply Depot  
  25  2:31  Orbital Command x2  
  23  2:43  Command Center  
  23  2:50  Marine  
  25  2:58  SCV, Factory  
  25  2:59  SCV  
  26  3:10  SCV  
  26  3:27  Marine  
  26  3:29  SCV  
  26  3:30  SCV  
  26  3:33  Refinery  
  29  3:34  Refinery x2  
  29  3:41  SCV  
  30  3:42  SCV  
  30  3:43  Factory Tech Lab  
  30  3:45  Marine  
  32  3:49  Command Center  
  32  3:53  SCV  
  33  3:59  SCV  
  33  4:01  Orbital Command  
  34  4:09  SCV  
  35  4:14  SCV  
  36  4:21  SCV  
  37  4:26  SCV  
  37  4:27  SCV  
  39  4:31  Siege Tank  
  39  4:34  Starport  
  42  4:44  SCV  
  42  4:45  SCV, Marine  
  44  4:46  SCV  
  46  4:56  SCV  
  46  4:57  SCV  
  46  4:58  SCV  
  49  5:03  Siege Tank  
  52  5:08  SCV  
  52  5:10  Viking  
  55  5:19  Command Center  
  55  5:20  Marine  
  55  5:21  SCV x2  
  57  5:22  SCV  
  57  5:26  Factory  
  59  5:29  Armory  
  59  5:31  Armory  
  59  5:33  SCV  
  59  5:35  SCV  
  61  5:36  SCV  
  61  5:40  Viking  
  61  5:41  Engineering Bay  
  64  5:45  SCV  
  65  5:50  Refinery, Orbital Command  
  65  5:51  Refinery  
  65  5:53  SCV  
  52  6:04  Orbital Command  
  66  6:19  SCV  
  66  6:23  Starport Reactor  
  66  6:25  Thor  
  67  6:27  Factory Tech Lab  
  67  6:29  Terran Vehicle And Ship Armor Level 1, Terran Ship Weapons Level 1  
  72  6:34  Factory  
  72  6:35  Factory  
  72  6:43  SCV x2  
  72  6:46  SCV  
  75  6:53  Marine  
  76  6:55  Orbital Command  
  76  6:57  SCV  
  76  6:58  SCV x2  
  79  7:09  SCV  
  79  7:10  SCV x2  
  79  7:13  Missile Turret  
  83  7:21  SCV  
  81  7:23  Missile Turret  
  81  7:25  SCV x3  
  81  7:27  Command Center  
  81  7:28  Viking x2  
  84  7:33  SCV  
  84  7:34  Orbital Command  
  85  7:42  Refinery x2  
  85  7:43  Marine  
  86  7:45  Command Center  
  86  7:49  Thor x2  
  86  7:50  Missile Turret x2  
  98  7:51  Supply Depot  
  98  7:52  Supply Depot x2, Factory Tech Lab x2  
  98  7:54  Supply Depot, Missile Turret  
  98  8:03  Factory Reactor  
  98  8:07  Supply Depot  
  98  8:12  Viking  
  98  8:16  SCV  
  98  8:19  SCV  
  102  8:20  SCV  
  102  8:25  SCV  
  102  8:26  SCV  
  104  8:44  Command Center x2  
  104  8:54  Refinery x2  
  104  9:00  Missile Turret  
  104  9:01  Missile Turret  
  95  9:08  Siege Tank x2  
  95  9:09  Planetary Fortress, Siege Tank  
  88  9:11  Liberator  
  88  9:12  Liberator  
  83  9:22  Orbital Command  
  61  9:26  Hellion x2  
  70  9:32  SCV x3  
  70  9:33  SCV  
  72  9:41  Hellion  
  72  9:44  SCV x3, Thor x2  
  88  9:45  SCV  
  88  9:46  Orbital Command  
  89  9:56  SCV x3  
  89  9:58  SCV  
  93  10:02  Siege Tank  
  93  10:06  Terran Ship Weapons Level 2, Terran Vehicle And Ship Armor Level 2  
  95  10:11  SCV  
  96  10:18  Hellion  
  96  10:19  Hellion  
  100  10:25  Barracks Tech Lab  
  100  10:27  Hellion  
  100  10:28  Hellion  
  104  10:34  Hellion  
  104  10:35  SCV  
  102  10:40  Hellion x2  
  106  10:48  Widow Mine  
  106  10:49  Hellion  
  110  10:54  SCV x4, Factory x3  
  110  10:55  Factory  
  110  10:56  Hellbat  
  116  11:01  Hellion  
  116  11:03  Marine  
  119  11:06  SCV  
  119  11:10  Siege Tank  
  123  11:15  Command Center  
  123  11:17  Viking x2  
  123  11:18  Orbital Command  
  127  11:30  Liberator x2  
  127  11:32  Command Center  
  127  11:54  SCV  
  134  11:57  SCV  
  134  11:58  SCV x2  
  137  12:06  SCV  
  138  12:09  SCV  
  141  12:15  SCV x2  
  141  12:20  Command Center  
  141  12:23  Terran Vehicle And Ship Armor Level 3  
  141  12:25  Terran Ship Weapons Level 3  
  141  12:30  Command Center, Marine  
  141  12:36  Missile Turret  
  142  12:37  Missile Turret  
  142  12:42  Widow Mine x2  
  142  12:43  Factory Tech Lab x2  
  147  12:48  Factory Reactor  
  147  12:50  Hellion x4  
  145  12:54  Missile Turret x2  
  145  12:55  Missile Turret  
  145  12:58  Missile Turret x2  
  145  13:00  Missile Turret  
  145  13:01  Factory Reactor  
  145  13:03  Hellion x2  
  145  13:04  Hellion x3  
  155  13:11  Hellion  
  88  14:00  Thor x2, Hellion x3  
  88  14:01  Thor x3, Hellion x2  
  88  14:02  Hellion  
  122  14:22  Hellion x2  
  118  14:27  Hellion x2  
  93  14:43  Thor  
  93  14:44  Siege Tank  
  86  14:59  Missile Turret  
  77  15:00  Hellion x3, Siege Tank x2  
  77  15:06  Hellbat  
  80  15:08  Command Center  
  74  15:16  Siege Tank  
  74  15:21  Planetary Fortress  
  60  15:32  Siege Tank x2  
  41  16:00  Command Center  
  41  16:02  Command Center  
  41  16:03  Command Center  
  25  17:14  Engineering Bay  
  13  18:13  Command Center  
  13  18:15  Command Center  
  13  18:21  Command Center  
  13  18:25  Command Center  
  13  18:33  Command Center  
  7  19:53  Command Center  
  6  20:33  SCV  
  6  21:13  SCV  
Show
View Real Time Build Order
Export as new Build Order

Kashnigg Zerg - Winner!

Build Orders: Hatch First 

Get SALT Encoding   

  12  0:01  Drone  
  13  0:09  Drone  
  14  0:35  Hatchery  
  13  0:38  Drone  
  14  0:55  Spawning Pool  
  13  0:59  Drone  
  14  1:07  Overlord  
  14  1:12  Extractor  
  14  1:13  Drone  
  14  1:25  Drone x2  
  16  1:31  Drone  
  17  1:42  Queen  
  19  1:51  Queen  
  21  1:55  Drone  
  22  2:05  Overlord  
  22  2:09  Zergling x2  
  22  2:13  Zergling x2  
  24  2:28  Drone  
  25  2:36  Drone  
  29  2:37  Drone x4  
  29  2:41  Metabolic Boost  
  30  2:46  Drone  
  31  2:51  Overlord  
  31  2:53  Drone  
  31  2:57  Drone  
  31  2:58  Drone  
  34  3:13  Drone x3  
  34  3:14  Drone  
  37  3:20  Drone  
  38  3:36  Extractor  
  38  3:39  Hatchery, Drone x2, Roach Warren  
  38  3:40  Evolution Chamber  
  36  3:41  Evolution Chamber  
  36  3:45  Queen  
  37  3:56  Drone  
  37  3:59  Lair  
  37  4:01  Drone  
  37  4:02  Drone x4  
  43  4:17  Overlord x3  
  43  4:21  Extractor  
  43  4:22  Zerg Missile Weapons Level 1  
  42  4:32  Drone  
  42  4:33  Drone  
  42  4:34  Overlord x2  
  44  4:42  Overlord x2  
  44  4:46  Zerg Ground Armor Level 1  
  44  4:47  Drone x2  
  46  5:00  Queen  
  46  5:05  Drone x3  
  46  5:06  Glial Reconstitution  
  51  5:09  Drone  
  51  5:10  Drone x2  
  54  5:15  Spore Crawler  
  54  5:17  Spore Crawler  
  54  5:18  Drone  
  53  5:26  Queen  
  55  5:35  Infestation Pit  
  54  5:36  Drone x4  
  54  5:38  Hydralisk Den  
  57  5:44  Burrow  
  57  5:46  Extractor  
  57  5:48  Drone x5  
  61  5:53  Extractor  
  60  6:01  Zergling x16  
  60  6:02  Zergling x2  
  68  6:09  Lurker Den  
  68  6:13  Zergling x10  
  68  6:18  Roach x2  
  77  6:41  Roach x11  
  99  6:49  Roach  
  101  7:04  Overlord  
  101  7:05  Overlord  
  101  7:12  Hatchery  
  100  7:21  Roach  
  100  7:22  Roach x2  
  106  7:23  Roach x4  
  106  7:24  Roach x4  
  106  7:29  Overlord x2  
  122  7:35  Overlord x2  
  122  7:40  Zerg Missile Weapons Level 2  
  122  7:51  Overlord x2  
  122  7:52  Overlord  
  122  7:55  Ravager x4  
  122  7:56  Ravager x2  
  128  8:00  Overlord  
  128  8:07  Zerg Ground Armor Level 2  
  128  8:20  Drone x3  
  128  8:21  Drone x4  
  128  8:24  Drone  
  136  8:30  Drone  
  136  8:31  Drone, Extractor  
  136  8:33  Drone x2  
  139  8:38  Drone x2  
  141  8:41  Drone  
  141  8:42  Drone x2  
  144  8:48  Drone  
  144  8:49  Drone x3  
  106  9:20  Roach x11  
  106  9:21  Roach x4  
  128  9:31  Roach  
  128  9:38  Roach x4  
  131  10:04  Ravager x5  
  131  10:05  Ravager x4  
  140  10:08  Hive  
  140  10:12  Roach x3  
  140  10:13  Roach x3  
  140  10:14  Drone  
  153  10:15  Drone, Extractor  
  153  10:16  Drone x3  
  153  10:17  Extractor  
  153  10:21  Zergling x8  
  158  10:27  Overlord x2  
  159  10:32  Hatchery  
  141  11:24  Spire  
  140  11:33  Viper x3  
  140  11:34  Viper  
  140  11:36  Hatchery  
  151  11:42  Roach  
  151  11:43  Roach x3  
  151  11:44  Roach x4  
  151  11:45  Roach x4  
  175  11:47  Zergling x8  
  175  11:48  Zergling x4  
  175  11:49  Zerg Missile Weapons Level 3  
  181  11:55  Zerg Ground Armor Level 3  
  181  12:11  Extractor  
  181  12:12  Extractor  
  181  12:13  Drone x5  
  181  12:14  Drone  
  185  12:42  Corruptor x6  
  197  13:00  Roach  
  199  13:31  Roach x2  
  148  13:50  Roach  
  148  13:51  Roach x20  
  172  14:26  Roach x12  
  172  14:27  Roach  
  180  15:09  Zergling x6  
  180  15:10  Zergling x24  
  193  15:22  Corruptor x3  
  195  15:40  Corruptor x2  
  190  16:35  Roach  
  190  16:36  Roach x3  
  194  18:38  Zergling x2  
  187  20:03  Corruptor  
  187  20:04  Corruptor x11  
  183  20:15  Corruptor x8  
  183  20:16  Corruptor  
Tags
 
Add a new tag
Caveats
  • Supply blocks, unpowered buildings, or Contaminate may cause inaccurate times.
  • Supply counts are checked every 10 seconds.